 Dungeon Crawl Stone Soup version 0.28.0-53-g5a82cb258f (webtiles) character file.

Game seed: 215425532807240021

581 buhh the Insei (level 7, -6/45 HPs)
             Began as an Octopode Transmuter on June 16, 2022.
             Was an Initiate of Cheibriados.
             Mangled by a gnoll sergeant
             ... wielding a +1 spear of venom
              (7 damage)
             ... on level 5 of the Dungeon.
             The game lasted 00:17:04 (6511 turns).

buhh the Insei (Octopode Transmuter)                Turns: 6511, Time: 00:17:04

Health: -6/45      AC:  2    Str: 11    XL:     7   Next: 36%
Magic:  7/10       EV: 19    Int: 24    God:    Cheibriados [......]
Gold:   325        SH:  0    Dex: 18    Spells: 4/10 levels left

rFire   . . .      SeeInvis .     - Unarmed
rCold   . . .      Faith    .   (shield currently unavailable)
rNeg    . . .      Spirit   .   (helmet currently unavailable)
rPois   x          Reflect  .   (no amulet)
rElec   .          Harm     .   j - +6 ring of intelligence
rCorr   .          Rampage  .   (no ring)
Will    .....                   (no ring)
Stlth   ++........              (no ring)
HPRegen 0.15/turn               (no ring)
MPRegen 0.12/turn               (no ring)
                                (no ring)
                                (no ring)

@: lethally poisoned (-6 -> -63), spider-form, weak-willed, very slow
A: venomous fangs, almost no armour, (amphibious), 8 rings, tiny, (camouflage
1), (gelatinous body 1), (nimble swimmer 1), (tentacles)
a: End Transformation, Renounce Religion


You were on level 5 of the Dungeon.
You worshipped Cheibriados.
Cheibriados was noncommittal.
You were a venomous arachnid creature.
You visited 2 branches of the dungeon, and saw 7 of its levels.

You collected 325 gold pieces.

Inventory:

Missiles
 o - 7 poisoned darts
Armour
 m - a +1 buckler
Jewellery
 j - a +6 ring of intelligence (left front leg)
Wands
 f - a wand of flame (13)
 p - a wand of mindburst (13)
Scrolls
 g - a scroll of identify {!d}
 F - 4 scrolls of enchant weapon
 P - 2 scrolls of magic mapping {!r!d}
 Y - a scroll of holy word {!r!d}
Potions
 d - a potion of curing {unknown}
 e - a potion of cancellation {unknown}
 h - a potion of brilliance {unknown}
 n - a potion of flight {unknown}
 q - a potion of attraction {unknown}


   Skills:
 - Level 2.0 Fighting
 - Level 2.0 Dodging
 - Level 1.0 Stealth
 - Level 6.0 Unarmed Combat
 - Level 2.0 Spellcasting
 + Level 4.8 Transmutations
 - Level 3.0 Poison Magic


You had 4 spell levels left.
You knew the following spells:

 Your Spells              Type           Power      Damage    Failure   Level
a - Beastly Appendage     Tmut           50%        N/A       7%          1
b - Wereblood             Tmut           25%        N/A       10%         2
c - Spider Form           Tmut/Pois      21%        N/A       19%         3

Your spell library contained the following spells:

 Spells                   Type           Power      Damage    Failure   Level
 Summon Small Mammal      Summ           8%         N/A       28%         1
 Call Canine Familiar     Summ           2%         N/A       56%         3
 Summon Guardian Golem    Hex/Summ       2%         N/A       56%         3
 Ice Form                 Ice/Tmut       14%        N/A       63%         4


Dungeon Overview and Level Annotations

Branches:
Dungeon (6/15)             Temple (1/1) D:4

Altars:
Ashenzari
Cheibriados
Elyvilon
Fedhas
Gozag
Hepliaklqana
Kikubaaqudgha
Makhleb
Nemelex Xobeh
Ru
Trog
Uskayaw
Vehumet
Wu Jian
Xom
Yredelemnul
Zin
The Shining One

Shops:
D:6 =

Annotations:
D:5 Edmund


Innate Abilities, Weirdness & Mutations

You are a venomous arachnid creature.
You have poisonous fangs.
You are tiny and dextrous.
Your spellcasting is less reliable in this form.
Your armour is entirely melded.
You are incapable of wielding weapons or throwing items.
You cannot wear most types of armour.
((You are amphibious.))
You can wear up to eight rings at the same time.
((Your skin changes colour to match your surroundings (Stealth+).))
((Your rubbery body absorbs attacks. (AC +1, EV +1)))
((You are camouflaged when in or above water. (Stealth+)))
((You have tentacles for arms and can constrict up to eight enemies at once.))


Message History

Your black bear barely misses the gnoll sergeant. x3
Your hound skeleton bites the gnoll sergeant.
The gnoll sergeant hits your black bear with a +1 spear of venom!
Your black bear looks as sick as possible!
Your hound skeleton bites the gnoll sergeant but does no damage.
Your black bear goes berserk!
The gnoll sergeant hits your black bear with a +1 spear of venom!
Your black bear dies!
Your black bear's corpse dissolves into shadows!
The gnoll sergeant blocks your hound skeleton's attack.
Your hound skeleton bites the gnoll sergeant but does no damage.
As you read the scroll labelled MINEMO CIZOGG, it crumbles to dust.
It is a scroll of brand weapon.
You aren't carrying any weapons that can be branded.
The gnoll hits your hound skeleton with a +0 flail!
Your hound skeleton is destroyed!
Your hound skeleton dissolves into shadows!
As you read the scroll labelled BECVOD HUICW, it crumbles to dust.
Magic quickly surges around you.
It was a scroll of vulnerability.
The gnoll sergeant hits you from afar with a +1 spear of venom!
You are poisoned.
As you read the scroll labelled TALULE ITOODGHE, it crumbles to dust.
It is a scroll of enchant armour.
Your +0 buckler glows green for a moment.
You feel very sick.
The gnoll sergeant hits you from afar with a +1 spear of venom!
* * * LOW HITPOINT WARNING * * *
* * * LOW HITPOINT WARNING * * *
You feel sick.
It was a potion of heal wounds.
You feel much better.
You feel sick.
Casting: Spider Form (dangerous; 7% risk of failure)
Confirm with . or Enter, or press ? or * to list all spells.
You turn into a venomous arachnid creature.
You feel sick.
The gnoll sergeant hits you with a +1 spear of venom!
You are lethally poisoned!
* * * LOW HITPOINT WARNING * * *
You feel extremely sick.
The gnoll sergeant hits you from afar with a +1 spear of venom!
You die...

.......#.###################.###.
.......#..........#..............
.......####.........########.....
..........#.........# ##....
.......##.#.........####### #....
.####### #...............# ##.#.
.# #...............# #.#. .######
.#######........... #... ......#
.......sgg.......#. ##.. ......#
.########........# #.. ......#
#.@gg...####.## ###.
......########g####.......# #...
.....g...g..w..§..#.....### #.#.
.....g#.Z..ZZ..§..#......# #...
......#.........###......# ####
......#...@.....# ....... ##
......#[........# ....... #.


You could see a gnoll sergeant (weak-willed) and a gnoll (weak-willed).

Vanquished Creatures
  A phantom (D:4)
  2 scorpions
  A water moccasin zombie (D:5)
  2 hounds
  Terence (D:2)
  Jessica (D:3)
  Ijyb (D:3)
  A howler monkey skeleton (D:4)
  6 adders
  An ufetubus (D:5)
  2 worms (D:2)
  12 orcs
  10 ball pythons
  4 endoplasms
  2 giant cockroaches
  4 goblins
  7 hobgoblins
  7 jackals
  4 kobolds
  3 quokkas
  8 bats
  4 frilled lizards
  5 rats
89 creatures vanquished.

Vanquished Creatures (collateral kills)
  A scorpion zombie (D:5)
1 creature vanquished.

Vanquished Creatures (others)
  An orc wizard (D:5)
  4 fungi (D:5)
5 creatures vanquished.

Grand Total: 95 creatures vanquished

Notes
Turn   | Place    | Note
-------+----------+-------------------------------------------
     0 | D:1      | buhh the Octopode Transmuter began the quest for the Orb.
     0 | D:1      | Reached XP level 1. HP: 13/13 MP: 3/3
   573 | D:1      | Reached XP level 2. HP: 18/18 MP: 3/5
   638 | D:1      | Learned a level 2 spell: Wereblood
   796 | D:1      | Found a faded altar of an unknown god.
  1346 | D:2      | Reached XP level 3. HP: 10/24 MP: 6/6
  1730 | D:2      | Noticed Terence
  1994 | D:2      | Killed Terence
  1995 | D:2      | Reached XP level 4. HP: 16/29 MP: 7/7
  2489 | D:3      | Reached skill level 4 in Unarmed Combat
  2807 | D:3      | Noticed Ijyb
  2943 | D:3      | Reached XP level 5. HP: 34/34 MP: 6/8
  2947 | D:3      | Learned a level 3 spell: Spider Form
  4167 | D:4      | Reached XP level 6. HP: 39/39 MP: 7/9
  4307 | D:4      | Found a staircase to the Ecumenical Temple.
  4313 | Temple   | Entered the Ecumenical Temple
  4362 | Temple   | Became a worshipper of Cheibriados the Contemplative
  4420 | D:5      | Entered Level 5 of the Dungeon
  4453 | D:5      | Noticed an orc warrior
  4571 | D:5      | Reached skill level 5 in Unarmed Combat
  4878 | D:5      | Noticed Edmund
  5437 | D:6      | Noticed a steam dragon
  5437 | D:6      | Found Yrchuhub's One-of-a-Kind Rings.
  5749 | D:4      | Reached skill level 6 in Unarmed Combat
  5749 | D:4      | Reached XP level 7. HP: 33/45 MP: 7/10
  5968 | D:3      | Noticed Jessica
  5976 | D:3      | Killed Jessica
  6015 | D:3      | Killed Ijyb
  6508 | D:5      | HP: 2/45 [poisoned by a gnoll sergeant]
  6511 | D:5      | Mangled by a gnoll sergeant

Illustrated notes

Levels and vault maps discovered:
D:1:      minmay_arrival_wavy_path, layout_rooms,
          hellmonk_ecumenical_altar_blasted, grunt_decor_resistance,
          minmay_misc_feat_x
D:2:      layout_basic, serial_curves, eino_curves_02, eino_curves_04,
          st_stairs_14, nicolae_elevator_lobby_plus, uniq_terence
D:3:      layout_basic, minmay_misc_feat_iff, uniq_ijyb, uniq_jessica
D:4:      layout_basic, minmay_temple_entry_fiery
D:5:      layout_basic, water_boxes_lemuel, uniq_edmund
D:6:      layout_rooms, nicolae_shop_unique_rings, uniq_eustachio
Temple:   kilobyte_greek_temple

Skill      XL: |  1  2  3  4  5  6  7 |
---------------+----------------------+-----
Stealth        | 1 |  1.0
Poison Magic   | 1 3 |  3.0
Fighting       | 2 |  2.0
Unarmed Combat | 4 6 |  6.0
Transmutations | 3 4 |  4.8
Dodging        | |  2.0
Spellcasting   | |  2.0

Action                   |  1- 3 |  4- 6 |  7- 9 || total
-------------------------+-------+-------+-------++-------
Melee: Unarmed           |    74 |   133 |    35 ||   242
       Constrict         |    18 |    36 |       ||    54
       Tentacles         |    12 |    27 |       ||    39
       Kick              |    21 |    41 |       ||    62
       Punch             |     4 |     2 |       ||     6
 Cast: Beastly Appendage |    19 |    34 |     1 ||    54
       Wereblood         |       |     1 |       ||     1
       Spider Form       |       |     3 |     7 ||    10
  Use: Scroll            |       |     6 |     5 ||    11
       Potion            |       |       |     1 ||     1
 Stab: Sleeping          |     4 |     7 |       ||    11
Armor: Skin              |     6 |     6 |     1 ||    13
Dodge: Dodged            |    53 |    58 |    35 ||   146
